[Event "Titled Tuesday Blitz March 28 Early 2023"]
[White "Bogaudinov, Rushan"]
[Black "Iniyan, P"]
[WhiteFideId "4129288"]
[BlackFideId "25002767"]
[WhiteElo "1949"]
[BlackElo "2449"]
[Result "0-1"]
[Round "02"]
[TimeControl "180+2"]
[Date "2023.03.28"]
[WhiteClock "0:00:46"]
[BlackClock "0:01:17"]

1. e4 g6 2. d4 Bg7 3. Nf3 d6 4. g3 Nf6 5. Nc3 O-O 6. Bg2 c5 7. O-O cxd4 8. Nxd4 Nc6 9. Nb3 Bg4 10. f3 Bd7 11. Be3 Ne5 12. Qe2 Rc8 13. Rad1 Nc4 14. Bc1 b5 15. a3 a5 16. Nd4 Nxa3 17. Nd5 Nxd5 18. exd5 Nc4 19. b3 Ne5 20. f4 Bg4 21. Nf3 Nxf3+ 22. Bxf3 Bf5 23. Be4 Qd7 24. Bxf5 Qxf5 25. Rf2 Rc7 26. Qxb5 Rxc2 27. Qxa5 Rxf2 28. Kxf2 Qc2+ 29. Qd2 Qxb3 30. Kg2 Rc8 31. Kh3 Bf6 32. Qe3 Qxd1 0-1


[Site "https://www.chess.com"]

[Event "Titled Tuesday Blitz March 28 Early 2023"]
[White "Fajdetic, Hrvoje"]
[Black "Kosteniuk, Alexandra"]
[WhiteFideId "14501945"]
[BlackFideId "4128125"]
[WhiteElo "2185"]
[BlackElo "2453"]
[Result "0-1"]
[Round "02"]
[TimeControl "180+2"]
[Date "2023.03.28"]
[WhiteClock "0:00:05"]
[BlackClock "0:00:10"]

1. d4 f5 2. Bg5 h6 3. Bh4 g5 4. e3 Nf6 5. Bg3 c5 6. c3 Qb6 7. Qb3 Nc6 8. h4 Qxb3 9. axb3 Bg7 10. hxg5 hxg5 11. Rxh8+ Bxh8 12. Nd2 cxd4 13. exd4 f4 14. Bh2 d6 15. Ngf3 Ng4 16. Bg1 Bf6 17. Ne4 Bf5 18. Nexg5 Kd7 19. Bb5 e6 20. Nh3 a6 21. Nxf4 Re8 22. Bd3 Bxd3 23. Nxd3 Kc7 24. O-O-O e5 25. dxe5 dxe5 26. Nc5 e4 27. Nd2 Bg5 28. Kc2 e3 29. fxe3 Bxe3 30. Nce4 Bxd2 31. Nxd2 Re2 32. Kd3 Rxg2 33. Rf1 Nce5+ 34. Kc2 Kc6 35. Bd4 Kd5 36. Rf4 b5 37. c4+ bxc4 38. bxc4+ Nxc4 39. Rxg4 Rxg4 40. Nxc4 Kxc4 41. Bc3 Rg2+ 42. Kb1 Kb3 43. Kc1 Rc2+ 44. Kd1 Rh2 45. Kc1 Rh5 46. Kd2 a5 47. Kd3 a4 48. Bd4 Rd5 49. Ke4 Rxd4+ 50. Kxd4 Kxb2 0-1


[Site "https://www.chess.com"]

[Event "Titled Tuesday Blitz March 28 Early 2023"]
[White "Santos Ruiz, Miguel"]
[Black "mjelcic"]
[WhiteFideId "22291482"]
[WhiteElo "2504"]
[BlackElo "2226"]
[Result "1-0"]
[Round "02"]
[TimeControl "180+2"]
[Date "2023.03.28"]
[WhiteClock "0:00:20"]
[BlackClock "0:00:04"]

1. e4 c5 2. Nf3 g6 3. d4 cxd4 4. Qxd4 Nf6 5. Nc3 Nc6 6. Qa4 d6 7. e5 dxe5 8. Nxe5 Bg7 9. Nxc6 bxc6 10. Qxc6+ Bd7 11. Qa6 O-O 12. Bd3 Qc7 13. h3 Qe5+ 14. Ne2 Bf5 15. O-O Nd5 16. c3 Rfd8 17. Bxf5 Qxf5 18. Ng3 Qc2 19. Qe2 Qxe2 20. Nxe2 a5 21. a4 Nb6 22. b3 Rd3 23. Ba3 e6 24. Rfd1 Rad8 25. Rxd3 Rxd3 26. Kf1 Nd5 27. Rc1 Nxc3 28. Nxc3 Rxc3 29. Rxc3 Bxc3 30. Ke2 1-0


[Site "https://www.chess.com"]

[Event "Titled Tuesday Blitz March 28 Early 2023"]
[White "Korchmar, Vasiliy"]
[Black "Winkels, Marcel"]
[WhiteFideId "24131750"]
[BlackFideId "1003887"]
[WhiteElo "2370"]
[BlackElo "1900"]
[Result "1-0"]
[Round "02"]
[TimeControl "180+2"]
[Date "2023.03.28"]
[WhiteClock "0:01:37"]
[BlackClock "0:00:10"]

1. e4 c5 2. Nf3 d6 3. d4 cxd4 4. Nxd4 Nf6 5. Nc3 a6 6. Be2 e5 7. Nb3 Be7 8. O-O O-O 9. Be3 Be6 10. Nd5 Bxd5 11. exd5 Nbd7 12. c4 a5 13. Qd2 a4 14. Nc1 b6 15. Nd3 Ne4 16. Qc2 f5 17. Nb4 Ndc5 18. Nc6 Qe8 19. b4 axb3 20. axb3 Rxa1 21. Rxa1 f4 22. Bxc5 Nxc5 23. Ra7 Bd8 24. b4 Nd7 25. Ra8 Qg6 26. Qxg6 hxg6 27. Rxd8 Nf6 28. Ne7+ Kf7 29. Rxf8+ Kxf8 30. Nc8 Ne8 31. Nxb6 Ke7 32. Bd3 g5 33. Be4 Nf6 34. f3 g4 35. h3 gxh3 36. gxh3 Ne8 37. c5 Kd8 38. c6 Kc7 39. Nc4 Kc8 40. b5 Nc7 41. Nxd6+ Kb8 42. b6 Nb5 43. Nxb5 1-0


[Site "https://www.chess.com"]

[Event "Titled Tuesday Blitz March 28 Early 2023"]
[White "Delorme, Alban"]
[Black "Cherniaiev, Tykhon"]
[WhiteFideId "623636"]
[BlackFideId "14182360"]
[WhiteElo "2196"]
[BlackElo "2450"]
[Result "0-1"]
[Round "02"]
[TimeControl "180+2"]
[Date "2023.03.28"]
[WhiteClock "0:00:01"]
[BlackClock "0:00:09"]

1. e4 e5 2. Nf3 Nc6 3. Bc4 Nf6 4. d4 exd4 5. e5 d5 6. Bb5 Ne4 7. Nxd4 Bd7 8. Bxc6 bxc6 9. O-O Be7 10. f3 Nc5 11. Be3 O-O 12. Nd2 Rb8 13. N2b3 Na4 14. Qc1 c5 15. Ne2 d4 16. Bf2 Bb5 17. Re1 Bxe2 18. Rxe2 Qd5 19. c3 d3 20. Rd2 c4 21. Nd4 Bg5 22. b3 Nc5 23. Nf5 Rfe8 24. Ne3 Qxe5 25. Nxc4 Bxd2 26. Qxd2 Qd5 27. Rd1 Rbd8 28. Re1 h6 29. Rxe8+ Rxe8 30. Ne3 Qd7 31. h3 a5 32. c4 Ne6 33. Nd5 c6 34. Nc3 Nd4 35. Kh2 Ne2 36. Ne4 f5 37. Ng3 Qd6 38. f4 Qxf4 39. Qxd3 Qxf2 40. Nxf5 Qg1# 0-1


[Site "https://www.chess.com"]

[Event "Titled Tuesday Blitz March 28 Early 2023"]
[White "Aradhya, Garg"]
[Black "Benevides Demasi, Joao Otavio"]
[WhiteFideId "25006746"]
[BlackFideId "30916224"]
[WhiteElo "2263"]
[BlackElo "2117"]
[Result "1-0"]
[Round "02"]
[TimeControl "180+2"]
[Date "2023.03.28"]
[WhiteClock "0:00:20"]
[BlackClock "0:00:14"]

1. d4 d6 2. e4 Nf6 3. Nc3 g6 4. Nf3 Bg7 5. h3 O-O 6. Be3 Nc6 7. Be2 e5 8. dxe5 dxe5 9. O-O Qe7 10. Bg5 Be6 11. Nd5 Bxd5 12. exd5 Rad8 13. c3 h6 14. Bxf6 Bxf6 15. Qb3 Na5 16. Qb4 Rxd5 17. Qxe7 Bxe7 18. Rfd1 Rxd1+ 19. Rxd1 Bd6 20. Nd2 f5 21. b4 Nc6 22. Nc4 Rd8 23. b5 Ne7 24. Nxe5 Kg7 25. Bf3 b6 26. Nc4 Nc8 27. Bb7 Bh2+ 28. Kxh2 Rxd1 29. Bxc8 Rc1 30. Ne3 Rxc3 31. Be6 c6 32. a4 cxb5 33. axb5 Rc5 34. Bd7 f4 35. Nf1 Rd5 36. Bc6 Rd1 37. Kg1 Rc1 38. Bb7 Kf6 39. g3 fxg3 40. fxg3 Rb1 41. Bc6 Ke7 42. Kf2 Kd6 43. Nd2 Rb2 44. Ke3 Kc7 45. h4 a6 46. Be4 g5 47. bxa6 gxh4 48. a7 Ra2 49. a8=Q Rxa8 50. Bxa8 hxg3 51. Bg2 Kd6 52. Kf4 Kc5 53. Kxg3 Kd4 54. Bf1 Kc5 55. Ne4+ Kc6 56. Nc3 Kc5 57. Kh4 Kb4 58. Nb5 Kc5 59. Kh5 Kc6 60. Kxh6 Kd5 61. Kg5 Kc5 62. Kf4 Kd5 63. Ke3 Kc5 64. Ke4 Kb4 65. Kd5 Ka5 66. Kc6 Kb4 67. Kxb6 Kb3 68. Bd3 Ka4 69. Kc5 Kb3 70. Be4 Kb2 71. Kc4 Kc1 72. Kc3 Kd1 73. Nd4 Ke1 74. Kd3 Kf2 75. Ne2 Ke1 76. Ke3 Kd1 77. Bd3 Ke1 78. Bc2 Kf1 79. Nf4 Ke1 80. Nd3+ Kf1 81. Kf3 Kg1 82. Bd1 Kf1 83. Be2+ Kg1 84. Kg3 Kh1 85. Ne1 Kg1 86. Nf3+ Kh1 87. Nh4 Kg1 88. Bd3 Kh1 89. Bf5 Kg1 90. Bh3 Kh1 91. Kf2 Kh2 92. Bg4 Kh1 93. Nf5 Kh2 94. Ne3 Kh1 95. Bf5 Kh2 96. Nf1+ 1-0


[Site "https://www.chess.com"]

[Event "Titled Tuesday Blitz March 28 Early 2023"]
[White "hsd2016"]
[Black "Bitoon, Richard"]
[BlackFideId "5201110"]
[WhiteElo "1959"]
[BlackElo "2374"]
[Result "1/2-1/2"]
[Round "02"]
[TimeControl "180+2"]
[Date "2023.03.28"]
[WhiteClock "0:00:05"]
[BlackClock "0:00:07"]

1. e4 e5 2. Nf3 Nc6 3. Bb5 a6 4. Bxc6 Nf6 5. O-O dxc6 6. Nxe5 Bc5 7. d4 Qxd4 8. Qxd4 Bxd4 9. Nf3 Bb6 10. e5 Nd5 11. c4 Nb4 12. Na3 Be6 13. Bd2 Nd3 14. Bc3 h6 15. b3 O-O-O 16. Nc2 Bf5 17. Ncd4 Bh7 18. Rad1 Rhe8 19. Ne2 g5 20. h3 Be4 21. Ng3 Bg6 22. Rd2 Nf4 23. Rfd1 Rxd2 24. Rxd2 Rd8 25. Rxd8+ Kxd8 26. Bd2 Bb1 27. a3 Ba2 28. h4 Nd3 29. Ne4 g4 30. Nh2 h5 31. g3 Bxb3 32. Nf6 Bxf2+ 33. Kg2 Bxc4 34. Nxh5 Bd5+ 35. Kf1 Bc5 36. Nxg4 Bxa3 37. Ke2 Bc4 38. Ke3 Bc5+ 39. Kf3 b5 40. Nhf6 Ke7 41. h5 Nxe5+ 42. Nxe5 Kxf6 43. Nxc4 bxc4 44. Bc3+ Kg5 45. g4 Bd6 46. Bd2+ Kf6 47. Bc3+ Be5 48. Bd2 c3 49. Bc1 a5 50. g5+ Kg7 51. Ke4 f6 52. h6+ Kg6 53. gxf6 Bxf6 54. Kd3 a4 55. Kc4 Be7 56. Kxc3 a3 57. Kb3 Kh7 58. Bxa3 Bxa3 59. Kxa3 Kxh6 60. Kb4 Kg7 61. Kc5 Kf7 62. Kxc6 Ke8 63. Kxc7 1/2-1/2


[Site "https://www.chess.com"]

[Event "Titled Tuesday Blitz March 28 Early 2023"]
[White "Duda, Jan-Krzysztof"]
[Black "lolliNOPE"]
[WhiteFideId "1170546"]
[WhiteElo "2790"]
[BlackElo "2061"]
[Result "1-0"]
[Round "02"]
[TimeControl "180+2"]
[Date "2023.03.28"]
[WhiteClock "0:00:05"]
[BlackClock "0:00:02"]

1. d4 Nf6 2. c4 e6 3. g3 Bb4+ 4. Nd2 O-O 5. Bg2 d5 6. Qc2 c6 7. Nf3 Nbd7 8. O-O Re8 9. e4 dxe4 10. Nxe4 Nxe4 11. Qxe4 Be7 12. Bf4 Bf6 13. Rad1 Qb6 14. b3 Qa6 15. Rd2 Qa3 16. Rfd1 a5 17. Ng5 Bxg5 18. Bxg5 a4 19. Qe3 axb3 20. axb3 h6 21. Bf4 Qe7 22. c5 Nf6 23. Bd6 Qd7 24. b4 Nd5 25. Qb3 b5 26. Qb1 Ra4 27. Rb2 Nc3 28. Qd3 Nxd1 29. Qxd1 Bb7 30. Be4 Rea8 31. Kg2 Ra2 32. Rb1 Bc8 33. Be5 f5 34. Bf3 R8a6 35. h4 Qf7 36. Bh5 Qf8 37. Qc1 Bd7 38. Bd1 R2a3 39. Bb3 Qf7 40. Qe3 Qh5 41. Bf4 Qf7 42. Rc1 Ra1 43. Rc3 R6a3 44. Be5 Rb1 45. Bc2 Rxc3 46. Qxc3 Rc1 47. Qb2 Rxc2 48. Qxc2 Kh7 49. Qa2 Qe8 50. Qa7 Qc8 51. f3 Qe8 52. h5 Qc8 53. Kf2 Qe8 54. Ke3 Qc8 55. Ke2 Qe8 56. Kd3 Qc8 57. Bf4 Qe8 58. Qc7 Qc8 59. Qd6 Qe8 60. Be5 Qf7 61. Ke3 Be8 62. Bf4 Bd7 63. Qe5 Be8 64. g4 fxg4 65. fxg4 Bd7 66. Qe4+ Kh8 67. Kf3 Qe8 68. Kg3 Qf7 69. Qe5 Qe8 70. Bxh6 Qf7 71. Bf4 Kh7 72. Qe4+ Kh8 73. Qd3 e5 74. Bxe5 Qd5 75. Qg6 1-0


[Site "https://www.chess.com"]

[Event "Titled Tuesday Blitz March 28 Early 2023"]
[White "Escanor89"]
[Black "Martinez Alcantara, Jose Eduardo"]
[BlackFideId "3805662"]
[WhiteElo "2533"]
[BlackElo "2712"]
[Result "0-1"]
[Round "02"]
[TimeControl "180+2"]
[Date "2023.03.28"]
[WhiteClock "0:00:08"]
[BlackClock "0:02:00"]

1. Nf3 Nf6 2. c4 e6 3. Nc3 d5 4. d4 a6 5. cxd5 exd5 6. Bg5 Be6 7. Qb3 Nbd7 8. e3 b5 9. Be2 c5 10. dxc5 d4 11. Bxf6 Nxf6 12. Qc2 dxc3 13. Qxc3 Ne4 14. Qc2 Nxc5 15. b4 Nd7 16. O-O Rc8 17. Qb2 Qf6 18. Nd4 Bd6 19. a4 O-O 20. axb5 axb5 21. Bxb5 Ne5 22. Rab1 Bd5 23. Rfd1 Be4 24. Rbc1 Rb8 25. f3 Rxb5 26. fxe4 Rxb4 27. Qd2 g6 28. Kh1 Rbb8 29. Nc6 Nxc6 30. Rxc6 Bb4 0-1


[Site "https://www.chess.com"]

[Event "Titled Tuesday Blitz March 28 Early 2023"]
[White "Oganisian, Roman"]
[Black "Hansen, Eric"]
[WhiteFideId "4153006"]
[BlackFideId "2606771"]
[WhiteElo "2204"]
[BlackElo "2569"]
[Result "0-1"]
[Round "02"]
[TimeControl "180+2"]
[Date "2023.03.28"]
[WhiteClock "0:00:05"]
[BlackClock "0:01:38"]

1. e4 c5 2. Nc3 Nc6 3. g4 e6 4. Bg2 Nge7 5. d3 d5 6. h4 dxe4 7. Nxe4 Nd5 8. h5 h6 9. g5 hxg5 10. Bxg5 Qc7 11. Ne2 f6 12. c4 Nde7 13. Be3 Nf5 14. h6 Nxe3 15. fxe3 f5 16. Nf4 Rxh6 17. Rxh6 gxh6 18. Nf6+ Kd8 19. Qh5 Qe7 20. Qg6 Ne5 0-1


[Site "https://www.chess.com"]

[Event "Titled Tuesday Blitz March 28 Early 2023"]
[White "Flores, Diego"]
[Black "Mortazavi, Ali"]
[WhiteFideId "108049"]
[BlackFideId "401323"]
[WhiteElo "2606"]
[BlackElo "2339"]
[Result "1-0"]
[Round "02"]
[TimeControl "180+2"]
[Date "2023.03.28"]
[WhiteClock "0:00:14"]
[BlackClock "0:00:03"]

1. d4 Nf6 2. c4 g6 3. Nc3 Bg7 4. e4 O-O 5. Nf3 d6 6. Be2 Bg4 7. Be3 Nbd7 8. Nd2 e5 9. d5 Bxe2 10. Qxe2 Nh5 11. g3 a5 12. O-O-O a4 13. Kb1 Nc5 14. h4 Ra5 15. Nf3 c6 16. Ne1 Qb6 17. Nd3 Qa6 18. Nxc5 dxc5 19. Rd2 b5 20. dxc6 bxc4 21. Rd6 a3 22. Rhd1 Qc8 23. Nd5 Kh8 24. Nb6 Qb8 25. Nxc4 Ra4 26. Rd7 axb2 27. c7 Qa7 28. c8=Q Rxc8 29. Rxa7 Rxa7 30. Qd3 Bf6 31. Qb3 Rca8 32. Rd5 Ng7 33. Bxc5 Ra4 34. Nb6 1-0


[Site "https://www.chess.com"]

[Event "Titled Tuesday Blitz March 28 Early 2023"]
[White "Karthik, Venkataraman"]
[Black "Begunov, Konstantin"]
[WhiteFideId "25006479"]
[BlackFideId "4118510"]
[WhiteElo "2419"]
[BlackElo "2079"]
[Result "1-0"]
[Round "02"]
[TimeControl "180+2"]
[Date "2023.03.28"]
[WhiteClock "0:00:20"]
[BlackClock "0:00:04"]

1. d4 d5 2. c4 c6 3. Nf3 Nf6 4. Qc2 e6 5. Nbd2 Be7 6. g3 O-O 7. Bg2 a6 8. O-O Nbd7 9. e4 dxe4 10. Nxe4 Nxe4 11. Qxe4 c5 12. Rd1 cxd4 13. Nxd4 Nc5 14. Qe2 Qe8 15. Bd2 Bf6 16. Bb4 Be7 17. Be1 Rb8 18. b4 Nd7 19. c5 Bf6 20. Rac1 Ne5 21. Bc3 Bd7 22. h4 Ba4 23. Rd2 Nc6 24. Nxc6 Bxc3 25. Nxb8 Bxd2 26. Qxd2 Qxb8 27. Rc4 Rd8 28. Rd4 Rxd4 29. Qxd4 Qc7 30. f4 h6 31. Kf2 Bc6 32. Bf3 Bxf3 33. Kxf3 Qc6+ 34. Kf2 Qh1 35. Qd8+ Kh7 36. Qd3+ g6 37. a3 Qh2+ 38. Kf3 Qh1+ 39. Ke3 Qg2 40. Kd4 Qd5+ 41. Kc3 Qa2 42. Kd4 Qd5+ 43. Ke3 Qg2 44. Qe4 Qxg3+ 45. Kd4 Qf2+ 46. Ke5 Qb2+ 47. Kd6 Qxa3 48. Ke7 a5 49. Kxf7 1-0


[Site "https://www.chess.com"]

[Event "Titled Tuesday Blitz March 28 Early 2023"]
[White "Van Osch, Mees"]
[Black "Wagner, Dennis"]
[WhiteFideId "1035967"]
[BlackFideId "24650684"]
[WhiteElo "2324"]
[BlackElo "2470"]
[Result "0-1"]
[Round "02"]
[TimeControl "180+2"]
[Date "2023.03.28"]
[WhiteClock "0:00:19"]
[BlackClock "0:01:50"]

1. e4 c5 2. Nf3 d6 3. d4 cxd4 4. Nxd4 Nf6 5. Nc3 a6 6. Nb3 e6 7. g4 b5 8. g5 b4 9. Na4 Nfd7 10. Be3 Bb7 11. Bg2 Bc6 12. a3 Bxa4 13. axb4 Bxb3 14. cxb3 Nc6 15. e5 d5 16. O-O Nxb4 17. f4 Bc5 18. Bxc5 Nxc5 19. Qd4 Qb6 20. Kh1 O-O 21. f5 exf5 22. Rxf5 Nc2 23. Qxd5 Rad8 0-1


[Site "https://www.chess.com"]

[Event "Titled Tuesday Blitz March 28 Early 2023"]
[White "Valgmae, Toomas"]
[Black "Krysa, Leandro"]
[WhiteFideId "4502523"]
[BlackFideId "116807"]
[WhiteElo "2170"]
[BlackElo "2485"]
[Result "0-1"]
[Round "02"]
[TimeControl "180+2"]
[Date "2023.03.28"]
[WhiteClock "0:00:14"]
[BlackClock "0:00:06"]

1. d4 Nf6 2. c4 g6 3. Nc3 d5 4. cxd5 Nxd5 5. e4 Nxc3 6. bxc3 Bg7 7. Be3 c5 8. Qd2 Qa5 9. Rc1 O-O 10. Nf3 Nd7 11. e5 cxd4 12. cxd4 Qxd2+ 13. Kxd2 Nb6 14. Bd3 Nd5 15. Rc5 Be6 16. Bc4 Rfd8 17. Bb3 b6 18. Rcc1 Bg4 19. h3 Bxf3 20. gxf3 e6 21. Bg5 Rdc8 22. Bxd5 exd5 23. f4 Kf8 24. f5 gxf5 25. Ke3 Rc4 26. Rxc4 dxc4 27. Kf4 h6 28. Bh4 c3 29. Kxf5 b5 30. d5 Rc8 31. d6 Ke8 32. Rg1 c2 33. Rc1 Kd7 34. Ke4 Rc4+ 35. Kd5 Rxh4 36. Rxc2 Rc4 37. Re2 a6 38. Re3 Rc2 39. Rg3 Rd2+ 40. Ke4 Re2+ 41. Kd3 Rxe5 42. Rxg7 Rf5 43. Ke3 Kxd6 44. Rh7 Rf6 45. f4 Kc5 46. Ke4 Kb4 47. f5 Ka3 48. Ke5 Rb6 49. Rxf7 Kxa2 50. Rf6 Rb8 51. Rxa6+ Kb3 52. f6 b4 53. Ke6 Kc2 54. f7 b3 55. Ke7 b2 56. f8=Q Rxf8 57. Kxf8 b1=Q 58. Rxh6 Qb8+ 59. Kg7 Qc7+ 60. Kg6 Qd6+ 61. Kh5 Qe5+ 62. Kh4 Qf4+ 63. Kh5 Qf5+ 64. Kh4 Qf4+ 65. Kh5 Kd3 66. h4 Qf5# 0-1


[Site "https://www.chess.com"]

[Event "Titled Tuesday Blitz March 28 Early 2023"]
[White "Samant Aditya S"]
[Black "Titichoca Daza, Daniel"]
[WhiteFideId "35080580"]
[BlackFideId "3309550"]
[WhiteElo "2362"]
[BlackElo "2095"]
[Result "1-0"]
[Round "02"]
[TimeControl "180+2"]
[Date "2023.03.28"]
[WhiteClock "0:00:10"]
[BlackClock "0:00:12"]

1. Nf3 e6 2. b3 b6 3. Bb2 Bb7 4. e3 f5 5. c4 Nf6 6. d4 Bb4+ 7. Nbd2 O-O 8. a3 Bxd2+ 9. Nxd2 Ng4 10. Nf3 d6 11. Be2 Nd7 12. O-O Qf6 13. h3 Qh6 14. hxg4 fxg4 15. Nh2 Bxg2 16. Kxg2 Qh3+ 17. Kh1 h5 18. Bxg4 hxg4 19. Qxg4 Qh7 20. Qxe6+ Rf7 21. Rg1 Nf6 22. Rxg7+ Kxg7 23. d5 Kf8 24. Bxf6 Re8 25. Qg4 Rxf6 26. Qg2 Qe4 27. Qxe4 Rxe4 28. Rf1 Ke7 29. Kg2 Rh4 30. Rh1 Rg6+ 31. Kf1 Kf6 32. f3 Kf5 33. Kf2 Rh3 34. Kf1 Rgg3 35. Kf2 Rg6 36. Kf1 Rgh6 37. Kg2 Ke5 38. Ng4+ Kf5 39. Nxh6+ Rxh6 40. Rxh6 Ke5 41. Rh7 c5 42. Rxa7 b5 43. Rb7 bxc4 44. bxc4 Kf5 45. Rb6 Ke5 46. Kf2 Kf5 47. Rxd6 Ke5 48. Re6+ Kf5 49. e4+ Kg5 50. d6 Kf4 51. d7 Kg5 52. d8=Q+ Kf4 53. Qh4# 1-0


[Site "https://www.chess.com"]

[Event "Titled Tuesday Blitz March 28 Early 2023"]
[White "Lewtak, Damian"]
[Black "drdaro"]
[WhiteFideId "1141724"]
[WhiteElo "2302"]
[BlackElo "2395"]
[Result "1-0"]
[Round "02"]
[TimeControl "180+2"]
[Date "2023.03.28"]
[WhiteClock "0:00:17"]
[BlackClock "0:00:03"]

1. e4 g6 2. Nf3 d6 3. c3 Bg7 4. g3 Bg4 5. Bg2 Nf6 6. O-O O-O 7. h3 Bd7 8. Qe2 c5 9. d4 cxd4 10. cxd4 a6 11. Nc3 Nc6 12. e5 Ne8 13. a4 Qa5 14. Re1 e6 15. Bd2 Qd8 16. Bg5 Qa5 17. Qe3 Nb4 18. Rac1 Nc6 19. Qf4 dxe5 20. dxe5 Nc7 21. Bh6 Rad8 22. Qh4 Nb4 23. Ng5 Bxe5 24. Bxf8 Kxf8 25. Rxe5 Qxe5 26. Qxb4+ Kg7 27. Qe7 1-0


[Site "https://www.chess.com"]

[Event "Titled Tuesday Blitz March 28 Early 2023"]
[White "Thiel, Thomas"]
[Black "Rozman, Levy"]
[WhiteFideId "4615964"]
[BlackFideId "2039877"]
[WhiteElo "2208"]
[BlackElo "2376"]
[Result "0-1"]
[Round "02"]
[TimeControl "180+2"]
[Date "2023.03.28"]
[WhiteClock "0:02:09"]
[BlackClock "0:02:33"]

1. e4 c6 2. d4 d5 3. exd5 cxd5 4. c4 Nf6 5. Nc3 Nc6 6. Bg5 Ne4 7. Bf4 e5 8. dxe5 Bb4 9. Ne2 Qb6 10. Be3 d4 11. c5 dxe3 0-1


[Site "https://www.chess.com"]

[Event "Titled Tuesday Blitz March 28 Early 2023"]
[White "Janaszak, Dawid"]
[Black "Alahakoon, Isuru"]
[WhiteFideId "1119206"]
[BlackFideId "9900993"]
[WhiteElo "2220"]
[BlackElo "1995"]
[Result "0-1"]
[Round "02"]
[TimeControl "180+2"]
[Date "2023.03.28"]
[WhiteClock "0:00:14"]
[BlackClock "0:00:10"]

1. e4 d5 2. exd5 Nf6 3. Nf3 Qxd5 4. Nc3 Qa5 5. Bc4 Bg4 6. h3 Bh5 7. d4 Nc6 8. Bb5 O-O-O 9. Bxc6 bxc6 10. Qe2 e5 11. dxe5 Bb4 12. O-O Bxc3 13. bxc3 Nd5 14. c4 Nb6 15. c5 Qxc5 16. Be3 Qd5 17. Qa6+ Kb8 18. Rab1 Bxf3 19. gxf3 Qxf3 20. Kh2 Qe4 21. a4 Qxe5+ 22. Kg1 Rd5 23. Rfe1 Qf5 24. Bxb6 axb6 25. Rxb6+ cxb6 26. Qxb6+ Kc8 27. Qxc6+ Kd8 28. Qa8+ Kd7 29. Qxh8 Qg6+ 30. Kf1 Qa6+ 31. Kg2 Rg5+ 32. Kf3 Qf6+ 33. Ke2 Re5+ 34. Kd2 Qd6+ 35. Kc3 Rxe1 36. Qxg7 Qe5+ 0-1


[Site "https://www.chess.com"]

[Event "Titled Tuesday Blitz March 28 Early 2023"]
[White "Martic, Ivan"]
[Black "Baruch, Liam"]
[WhiteFideId "929301"]
[BlackFideId "14322064"]
[WhiteElo "2360"]
[BlackElo "2155"]
[Result "1-0"]
[Round "02"]
[TimeControl "180+2"]
[Date "2023.03.28"]
[WhiteClock "0:00:19"]
[BlackClock "0:00:08"]

1. d4 d5 2. c4 e6 3. Nc3 Nf6 4. Nf3 Be7 5. Bf4 O-O 6. e3 b6 7. Bd3 dxc4 8. Bxc4 Ba6 9. Bxa6 Nxa6 10. O-O Qc8 11. Qe2 c5 12. Rac1 Qb7 13. Nb5 Nd5 14. Bg3 Rfd8 15. a3 Rac8 16. Rfd1 h6 17. h3 Nac7 18. dxc5 Nxb5 19. Qxb5 Rxc5 20. Rxc5 Bxc5 21. e4 Kh7 22. exd5 Rxd5 23. Qe2 Rxd1+ 24. Qxd1 Qe4 25. Nd2 Qd4 26. Qc2+ Kg8 27. Nf3 Qd5 28. b4 Be7 29. Qc8+ Kh7 30. Qc7 Bf6 31. Qxf7 a5 32. bxa5 Qxa5 33. Qxe6 Qxa3 34. Qxb6 Qa1+ 35. Kh2 Qa4 36. Qe3 Qb5 37. Be5 Bd8 38. Qe4+ Kg8 39. Qg6 Qd7 40. Nd4 Bc7 41. Bxc7 Qxc7+ 42. Qg3 Qd7 43. Nf3 Kh7 44. h4 Kg8 45. Qf4 Kh7 46. h5 Qb5 47. g4 Qb2 48. Kg3 Qb1 49. Qf5+ Qxf5 50. gxf5 Kh8 51. Kf4 Kh7 52. Ke5 Kh8 53. Ke6 Kh7 54. Kf7 Kh8 55. Ne5 Kh7 56. Nd7 Kh8 57. Nf6 gxf6 58. Kxf6 Kh7 59. Kf7 Kh8 60. Kg6 Kg8 61. Kxh6 Kh8 62. Kg6 Kg8 63. h6 Kh8 64. f6 Kg8 65. f4 Kh8 66. Kf7 Kh7 67. Ke7 Kh8 68. f7 Kh7 69. f8=Q Kg6 70. Qg7+ Kh5 1-0


[Site "https://www.chess.com"]

[Event "Titled Tuesday Blitz March 28 Early 2023"]
[White "Staudenhocker43"]
[Black "EdmundPlayer"]
[WhiteElo "2555"]
[BlackElo "2205"]
[Result "1-0"]
[Round "02"]
[TimeControl "180+2"]
[Date "2023.03.28"]
[WhiteClock "0:00:52"]
[BlackClock "0:00:01"]

1. d4 Nf6 2. c4 g6 3. Nc3 d5 4. Nf3 Bg7 5. Qb3 dxc4 6. Qxc4 O-O 7. e4 Nc6 8. Be2 Bg4 9. Be3 Nd7 10. Rd1 Nb6 11. Qc5 Qd6 12. Qxd6 cxd6 13. d5 Bxf3 14. gxf3 Ne5 15. Bxb6 axb6 16. Bb5 Rfc8 17. Ke2 Nc4 18. Bxc4 Rxc4 19. Kd3 Rac8 20. Rc1 b5 21. a3 b4 22. axb4 Rxb4 23. Rc2 Rd4+ 24. Ke3 Rdc4 25. Rhc1 b5 26. Kd3 b4 27. Ne2 Rxc2 28. Rxc2 Ra8 29. Kc4 Ra2 30. Kb3 Ra1 31. Kxb4 Rh1 32. Kc4 Rxh2 33. Nf4 Rh1 34. b4 g5 35. Ne2 h5 36. Ng3 Rh3 37. b5 h4 38. b6 hxg3 39. b7 g2 40. b8=Q+ Kh7 41. Rc1 Be5 42. Rg1 Rh2 43. Qf8 Kg6 44. Qg8+ Bg7 45. Qc8 Be5 46. Qf5+ 1-0


[Site "https://www.chess.com"]

[Event "Titled Tuesday Blitz March 28 Early 2023"]
[White "Balague Camps, Marc"]
[Black "Nguyen, Ngoc Truong Son"]
[WhiteFideId "2297914"]
[BlackFideId "12401110"]
[WhiteElo "2089"]
[BlackElo "2571"]
[Result "0-1"]
[Round "02"]
[TimeControl "180+2"]
[Date "2023.03.28"]
[WhiteClock "0:01:28"]
[BlackClock "0:01:14"]

1. d4 Nf6 2. c4 c6 3. Nc3 d5 4. cxd5 cxd5 5. Bf4 Nc6 6. e3 a6 7. Nf3 e6 8. Bd3 Be7 9. O-O O-O 10. h3 b5 11. Rc1 Bb7 12. Qe2 Qb6 13. Ne5 Rfc8 14. g4 g6 15. Qf3 Nxe5 16. Bxe5 Nd7 17. Bf4 b4 18. Na4 Qa5 19. b3 Bc6 20. Nc5 Bxc5 21. dxc5 e5 22. Bh6 e4 23. Qf4 exd3 24. Qd4 f6 25. g5 Qd8 26. e4 Ne5 27. f4 dxe4 28. Qxd8+ Rxd8 29. fxe5 f5 30. Kf2 d2 31. Rc4 d1=N+ 0-1


[Site "https://www.chess.com"]

[Event "Titled Tuesday Blitz March 28 Early 2023"]
[White "Harriott, Tyrell"]
[Black "Sjugirov, Sanan"]
[WhiteFideId "2086484"]
[BlackFideId "4189302"]
[WhiteElo "2107"]
[BlackElo "2569"]
[Result "0-1"]
[Round "02"]
[TimeControl "180+2"]
[Date "2023.03.28"]
[WhiteClock "0:02:28"]
[BlackClock "0:03:08"]

1. d4 Nf6 2. e3 e6 3. Bd3 d5 4. f4 c5 5. c3 Nc6 6. Nf3 c4 7. Bc2 Ne4 8. O-O f5 9. Nbd2 Bd6 10. Nxe4 fxe4 11. Ne5 O-O 12. b3 cxb3 13. axb3 Bd7 14. c4 Nb4 15. c5 Bxe5 16. fxe5 Rxf1+ 17. Kxf1 Qh4 18. Bd2 Rf8+ 19. Kg1 Qf2+ 20. Kh1 Nxc2 0-1


[Site "https://www.chess.com"]

[Event "Titled Tuesday Blitz March 28 Early 2023"]
[White "Girsh, Daniel"]
[Black "Durarbayli, Vasif"]
[WhiteFideId "30949190"]
[BlackFideId "13402935"]
[WhiteElo "2075"]
[BlackElo "2543"]
[Result "0-1"]
[Round "02"]
[TimeControl "180+2"]
[Date "2023.03.28"]
[WhiteClock "0:00:07"]
[BlackClock "0:00:07"]

1. d4 Nf6 2. Nf3 e6 3. c4 c5 4. d5 exd5 5. cxd5 d6 6. Nc3 g6 7. Nd2 Bg7 8. e4 O-O 9. Be2 Na6 10. O-O Nc7 11. Re1 Re8 12. Qc2 a6 13. a4 Rb8 14. a5 Bd7 15. Nc4 Bb5 16. f3 Nh5 17. g4 Bd4+ 18. Kg2 Qh4 19. Rf1 Bxc4 20. Bxc4 Be5 21. Rh1 Nf4+ 22. Bxf4 Bxf4 23. Qf2 Qf6 24. h4 b5 25. axb6 Rxb6 26. g5 Qe5 27. Ra2 Reb8 28. Rha1 Rb4 29. Bf1 h6 30. gxh6 Kh7 31. Nd1 f5 32. Bd3 Rd4 33. Be2 fxe4 34. fxe4 Qxe4+ 35. Bf3 Qe5 36. b3 Rf8 37. Re2 Qf6 38. Ne3 Bxe3 39. Qxe3 Rf7 40. Rf2 Rf4 41. Raf1 Qxh4 42. Rh1 Qg5+ 43. Kf1 Nxd5 44. Qd3 Nb4 45. Qc3 Nd5 46. Qd3 Qe5 47. Kg2 Ne3+ 48. Kg3 Rxf3+ 49. Kh4 Qg3# 0-1


[Site "https://www.chess.com"]